 Dungeon Crawl Stone Soup version 0.30-a0-1094-g860fb061e7 (webtiles) character file.

Game seed: 17408906662278265456

74 Darkkill the Shooter (level 4, 0/38 HPs)
             Began as a Minotaur Hunter on Apr 17, 2023.
             Slain by Sigmund
             ... wielding a +0 scythe
              (3 damage)
             ... on level 2 of the Dungeon.
             The game lasted 00:01:54 (1133 turns).

Darkkill the Shooter (Minotaur Hunter)              Turns: 1133, Time: 00:01:54

Health: 0/38       AC:  4    Str: 15    XL:     4   Next: 9%
Magic:  3/3        EV: 12    Int:  6    God:
Gold:   119        SH:  0    Dex: 16    Spells: 3/3 levels left

rFire   . . .      SeeInvis .    a - +0 shortbow
rCold   . . .      Faith    .    (shield currently unavailable)
rNeg    . . .      Spirit   .    c - +1 leather armour
rPois   .          Reflect  .    (helmet restricted)
rElec   .          Rampage  .    (no cloak)
rCorr   .                        (no gloves)
Will    .....                    (no boots)
Stlth   ++                       (no amulet)
HPRegen 0.26/turn                (no ring)
MPRegen 0.08/turn                (no ring)

@: no status effects
A: horns 2, retaliatory headbutt
a: no special abilities


You were on level 2 of the Dungeon.
You visited 1 branch of the dungeon, and saw 2 of its levels.

You collected 119 gold pieces.

Inventory:

Hand Weapons
 a - a +0 shortbow (weapon)
Missiles
 d - 15 stones
 f - 2 boomerangs
 g - 5 poisoned darts
 j - a throwing net {=f !f}
Armour
 c - a +1 leather armour (worn)
Jewellery
 h - an amulet of faith
Scrolls
 b - 2 scrolls of immolation
Potions
 e - a potion of ambrosia {unknown}
 i - a potion of might
 k - a potion of curing {unknown}


   Skills:
 + Level 3.4 Fighting
 + Level 4.9 Ranged Weapons
 + Level 3.0 Dodging
 + Level 1.7 Stealth


You had 3 spell levels left.
You didn't know any spells.
Your spell library was empty.

Dungeon Overview and Level Annotations

Branches:
Dungeon (2/15)

Altars:

Annotations:
D:2 Sigmund


Innate Abilities, Weirdness & Mutations

You have a pair of horns on your head.
You reflexively headbutt those who attack you in melee.


Message History

A giant cockroach is nearby!
You shoot an arrow. The arrow hits the giant cockroach!
You kill the giant cockroach!
An endoplasm comes into view.
An endoplasm is nearby!
You shoot an arrow.
The arrow hits the endoplasm but does no damage.
The endoplasm quivers.
You shoot an arrow. The arrow hits the endoplasm!
You kill the endoplasm!
An endoplasm and a kobold come into view.
The kobold shouts!
You hear a shout! x3
You shoot an arrow. The arrow barely misses the kobold.
The endoplasm quivers.
An endoplasm is nearby!
You shoot an arrow. The arrow hits the endoplasm!
You kill the endoplasm!
A kobold is nearby!
You shoot an arrow. The arrow barely misses the kobold.
Sigmund the Dreaded comes into view.
He is wielding a +0 scythe.
Sigmund is nearby!
Fire: a) +0 shortbow
Press: ? - help, Q - select action, (/) - cycle Shift-Dir - straight line, f - Sigmund
Aim: Sigmund, wielding a +0 scythe and wearing a +0 robe (wandering, hasn't noticed you, 60% to hit)
You shoot an arrow.
Sigmund shouts!
The arrow hits Sigmund.
Sigmund is lightly wounded.
You hear an angry hiss.
Fire: a) +0 shortbow
Press: ? - help, Q - select action, (/) - cycle Shift-Dir - straight line, f/p - Sigmund
Aim: Sigmund, wielding a +0 scythe and wearing a +0 robe (lightly wounded, 60% to hit)
You shoot an arrow. The arrow hits the kobold!
You kill the kobold!
Fire: a) +0 shortbow
Press: ? - help, Q - select action, (/) - cycle Shift-Dir - straight line, f/p - Sigmund
Aim: Sigmund, wielding a +0 scythe and wearing a +0 robe (lightly wounded, 60% to hit)
You shoot an arrow. The arrow barely misses Sigmund.
Sigmund casts a spell at you.
You are confused.
A hobgoblin comes into view.
Non-targeted confused fire: a) +0 shortbow
Press: ? - help, Q - select action, (/) - cycle Dir - look around, f - activate You shoot an arrow.
Sigmund hits you but does no damage.
Non-targeted confused fire: a) +0 shortbow
Press: ? - help, Q - select action, (/) - cycle Dir - look around, f - activate You shoot an arrow.
Sigmund hits you from afar with a +0 scythe!
Non-targeted confused fire: a) +0 shortbow
Press: ? - help, Q - select action, (/) - cycle Dir - look around, f - activate You shoot an arrow.
Non-targeted confused fire: a) +0 shortbow
Press: ? - help, Q - select action, (/) - cycle Dir - look around, f - activate You shoot an arrow.
You feel less confused.
Sigmund hits you from afar with a +0 scythe!
Fire: a) +0 shortbow
Press: ? - help, Q - select action, (/) - cycle Shift-Dir - straight line, f - Sigmund
Aim: Sigmund, wielding a +0 scythe and wearing a +0 robe (lightly wounded, 60% to hit)
You shoot an arrow. The arrow barely misses Sigmund.
Sigmund barely misses you.
Fire: a) +0 shortbow
Press: ? - help, Q - select action, (/) - cycle Shift-Dir - straight line, f/p - Sigmund
Aim: Sigmund, wielding a +0 scythe and wearing a +0 robe (lightly wounded, 60% to hit)
You shoot an arrow. The arrow barely misses Sigmund.
Sigmund barely misses you.
A frilled lizard comes into view.
Fire: a) +0 shortbow
Press: ? - help, Q - select action, (/) - cycle Shift-Dir - straight line, f/p - Sigmund
Aim: Sigmund, wielding a +0 scythe and wearing a +0 robe (lightly wounded, 60% to hit)
You shoot an arrow. The arrow hits Sigmund.
Sigmund is lightly wounded.
Sigmund closely misses you.
Fire: a) +0 shortbow
Press: ? - help, Q - select action, (/) - cycle Shift-Dir - straight line, f/p - Sigmund
Aim: Sigmund, wielding a +0 scythe and wearing a +0 robe (lightly wounded, 60% to hit)
You shoot an arrow.
The arrow hits Sigmund but does no damage.
Sigmund is lightly wounded.
Sigmund hits you from afar with a +0 scythe!
Fire: a) +0 shortbow
Press: ? - help, Q - select action, (/) - cycle Shift-Dir - straight line, f/p - Sigmund
Aim: Sigmund, wielding a +0 scythe and wearing a +0 robe (lightly wounded, 60% to hit)
You shoot an arrow. The arrow hits Sigmund!
Sigmund is heavily wounded.
Sigmund screams, "Die, monster!"
Sigmund points at you and mumbles some strange words.
The puff of flame hits you!
* * * LOW HITPOINT WARNING * * *
Fire: a) +0 shortbow
Press: ? - help, Q - select action, (/) - cycle Shift-Dir - straight line, f/p - Sigmund
Aim: Sigmund, wielding a +0 scythe and wearing a +0 robe (heavily wounded, 60% to hit)
Okay, then.
As you read the scroll labelled CIUR NAIFY, it crumbles to dust.
Your body is wracked with pain!
* * * LOW HITPOINT WARNING * * *
Sigmund convulses!
The hobgoblin convulses!
It was a scroll of torment.
Sigmund hits you from afar with a +0 scythe.
You die...

####...####.##
##.#...†...##
##..######...########
#..## #.#........#
#.## #..#######.#
###.# ##.## ##...#
#..# #..### ##.#
##.## #@# ...# #..@g#
..## ####l.... ..#
.... .## ... .# .. .#
. .# .#


You could see Sigmund, a hobgoblin and a frilled lizard.

Vanquished Creatures
  4 gnolls (D:2)
  A dart slug (D:1)
  2 ball pythons (D:2)
  5 endoplasms
  5 giant cockroaches
  5 goblins
  A hobgoblin (D:1)
  4 bats (D:1)
  2 frilled lizards (D:1)
  4 kobolds
33 creatures vanquished.

Notes
Turn   | Place    | Note
-------+----------+-------------------------------------------
     0 | D:1      | Darkkill the Minotaur Hunter began the quest for the Orb.
     0 | D:1      | Reached XP level 1. HP: 18/18 MP: 0/0
    65 | D:1      | Reached skill level 1 in Stealth
    90 | D:1      | Reached XP level 2. HP: 25/25 MP: 1/1
   855 | D:2      | Reached XP level 3. HP: 31/31 MP: 2/2
   949 | D:2      | Reached XP level 4. HP: 38/38 MP: 3/3
  1120 | D:2      | Noticed Sigmund
  1132 | D:2      | HP: 4/38 [Sigmund/puff of flame (11)]
  1133 | D:2      | Slain by Sigmund

Illustrated notes

Levels and vault maps discovered:
D:1:      lightli_molten_gateway, layout_loops_ring
D:2:      layout_rooms, kennysheep_generic_room_15, uniq_sigmund

Skill      XL: |  1  2  3 |
---------------+----------+-----
Stealth        | 1 |  1.7
Fighting       | 3 |  3.4
Dodging        | 3 |  3.0
Ranged Weapons | |  4.9

Action                     |  1- 3 |  4- 6 || total
---------------------------+-------+-------++-------
   Fire: Shortbow          |    70 |    19 ||    89
    Use: Scroll            |     4 |     2 ||     6
         Potion            |     1 |       ||     1
 Armour: Leather armour    |     6 |     1 ||     7
  Dodge: Dodged            |    14 |     3 ||    17

Table legend: (Time is in decaauts)
 A = Elapsed time spent in this place.
 B = Non-inter-level travel time spent in this place.
 C = Inter-level travel time spent in this place.
 D = Time resting spent in this place.
 E = Time spent auto-exploring this place.
 F = Levels seen in this place.
 G = Mean time per level.
                   A        B        C        D        E       F      G
               +--------+--------+--------+--------+--------+-----+--------+
         Total |   1159 |   1129 |     30 |    100 |    860 |   2 |  579.5 |
       Dungeon |   1159 |   1129 |     30 |    100 |    860 |   2 |  579.5 |
               +--------+--------+--------+--------+--------+-----+--------+

Top non-repeatable levels by time:
     D:1: 860 daAuts
     D:2: 299 daAuts

Table legend:
 A = Kills in this place as a percentage of kills in the entire game.
 B = Kills by you in this place as a percentage of kills by you in the entire game.
 C = Kills by friends in this place as a percentage of kills by friends in the entire game.
 D = Other kills in this place as a percentage of other kills in the entire game.
 E = Experience gained in this place as a percentage of experience gained in the entire game.
 F = Experience gained in this place divided by the number of levels of this place that you have seen.
                   A       B       C       D       E      F
               +-------+-------+-------+-------+-------+----------------------
         Total | 100.0 | 100.0 |   N/A |   N/A | 100.0 |  53.0
       Dungeon | 100.0 | 100.0 |   N/A |   N/A | 100.0 |  53.0
               +-------+-------+-------+-------+-------+----------------------
